[Event "New Zealand Rapid Championship"]
[Site "Wellington"]
[ePGN "0.1;DGT LiveChess/2.2.5"]
[Date "2023.01.11"]
[Round "3.1"]
[White "Suggate, Romero"]
[Black "Shoker, Samy"]
[Result "1/2-1/2"]
[TimeControl "25+5"]
[BlackTitle "GM"]
[WhiteFideId "4313534"]
[BlackFideId "627143"]
[WhiteElo "1806"]
[BlackElo "2440"]

1. e4 g6 2. d4 Bg7 3. Be3 d6 4.
Nc3 a6 5. Bd3 Nd7 6. Nce2 c5 7. c3 Ngf6 8. h3 b5 9. Ng3 Bb7 10. Nf3 h5 11. Ng5 h4 12. Ne2 cxd4 13. cxd4 e5 14.
f3 d5 15. O-O O-O 16. Qe1 exd4 17. Nxd4 Ne5 18. Rd1 Nxd3 19. Rxd3 dxe4 20. fxe4 Nh7 21. Nxh7 Kxh7 22. Nf5 gxf5 23.
Rxd8 Raxd8 24. Qxh4+ Kg8 25. exf5 f6 26. Bh6 Rf7 27. Bxg7 Rxg7 28. Rf2 Rg5 29. Qh6 Rf8 30. Re2 Rg7 31.
g4 Bd5 32. b3 Bf3 33. Re6 Rh7 34.
Qg6+ Rg7 35. Qh6 Rh7 1/2-1/2

[Event "New Zealand Rapid Championship"]
[Site "Wellington"]
[Date "2023.01.11"]
[Round "3.2"]
[White "Sole, Michael D"]
[Black "Hague, Ben"]
[Result "1-0"]
[TimeControl "25+5"]
[BlackTitle "FM"]
[WhiteFideId "4309030"]
[BlackFideId "405647"]
[WhiteElo "2093"]
[BlackElo "2410"]

1. e4 c5 2. Nf3 Nc6 3. d4 cxd4 4.
Nxd4 e5 5. Nb5 d6 6. c4 Be6 7. N1c3 a6 8. Na3 g6 9. Nc2 Nf6 10. Bd3 Bg7 11. O-O O-O 12. b3 Rc8 13. Re1 Nd7 14.
Bf1 b5 15. Qxd6 Nd4 16. Ne3 Re8 17. Ncd5 Bf8 18. Qxa6 Rc6 19. Qb7 Nc5 20. Qa7 Ra6 21. Qc7 Ncxb3 22. Qxd8 Rxd8 23. cxb5 Ra5 24. Rb1 Nc5 25. f3 Rxa2 26.
Bc4 Ra4 27. b6 Rb8 28. Bd2 Bxd5 29. Bxd5 Nd3 30. Red1 Bc5 31. Kf1 Rxb6 32. Rxb6 Bxb6 33. Nc4 Bc7 34. Bh6 Nb4 35. Ne3 Nbc2 36.
Nxc2 Nxc2 37. Bb3 Ra1 38. Bxc2 1-0

[Event "New Zealand Rapid Championship"]
[Site "Wellington"]
[Date "2023.01.11"]
[Round "3.3"]
[White "Burns, Christopher J"]
[Black "Van Riemsdijk, Herman C."]
[Result "1/2-1/2"]
[TimeControl "25+5"]
[BlackTitle "IM"]
[WhiteFideId "4300920"]
[BlackFideId "2100053"]
[WhiteElo "2031"]
[BlackElo "2370"]

1. e4 e5 2. Nf3 Nc6 3. d4 exd4 4. Nxd4 Bc5 5. Nxc6 Qf6 6. Qf3 Qxf3 7. gxf3 dxc6 8. Be3 Bxe3 9. fxe3 Ne7 10.
Nc3 Be6 11. Rd1 a5 12. h4 b5 13. b3 a4 14. b4 Nc8 15. a3 Nb6 16. h5 Ke7 17. Rg1 g6 18. h6 Rhd8 19. f4 Rxd1+ 20. Kxd1 Bc4 21. Bd3 Be6 22. Ke2 Rd8 23. Nb1 f6 24. Nd2 Nd7 25. c4 c5 26. cxb5 cxb4 27. axb4 Nb6 28. f5 Bf7 29.
Rc1 Rd7 30. e5 fxe5 31. fxg6 hxg6 32. h7 Rd8 33. Rxc7+ Nd7 34. b6 a3 35. Ra7 a2 36. Bb5 Bd5 37. e4 Be6 38. Nc4 Rh8 39.
Nxe5 a1=Q 40. Nc6+ Kf6 41. Rxa1 Nxb6 42. Ra7 Nc8 43. Ra6 Kg7 44. Nd4 Bg4+ 45. Ke3 Rxh7 46. Kf4 Bh3 47. Nf3 Rh5 48.
e5 Ne7 49. Ra7 Kf8 50. Bc4 Bg2 51.
Ra8+ Kg7 52. Ra7 Rf5+ 53. Kg3 Bxf3 54. Rxe7+ Kf8 55. Ra7 Bh1 56. e6 Re5 57.
b5 Re1 58. b6 Rb1 59. e7+ Ke8 60.
b7 Bxb7 61. Kf4 Kxe7 62. Bd5 Rb4+ 63. Kg5 Rb5 64. Rxb7+ 1/2-1/2

[Event "New Zealand Rapid Championship"]
[Site "Wellington"]
[Date "2023.01.11"]
[Round "3.4"]
[White "Croad, Nicolas"]
[Black "Zhang, Kendrick Botong"]
[Result "1-0"]
[TimeControl "25+5"]
[WhiteTitle "FM"]
[BlackTitle "CM"]
[WhiteFideId "4300793"]
[BlackFideId "4307704"]
[WhiteElo "2309"]
[BlackElo "1870"]

1. d4 Nf6 2. c4 g6 3.
Nc3 d5 4. Bf4 Bf5 5. e3 b6 6.
Nb5 e5 7. Bxe5 Bb4+ 8. Nc3 O-O 9. Nf3 Ne4 10. Rc1 dxc4 11. Bxc4 Nxc3 12. bxc3 Bd6 13. O-O Be4 14. Bxd6 Qxd6 15.
Ne5 Nd7 16. f4 Nxe5 17. fxe5 Qe7 18. Rf6 Bf5 19. Qb3 Rae8 20. Rf1 Be6 21. Bxe6 fxe6 22. h3 c5 23. R1f3 cxd4 24. exd4 Qd7 25.
Kh2 Qc6 26. h4 Qe4 27. Rxf8+ Rxf8 28. Qxe6+ Kg7 29. Qe7+ 1-0

[Event "New Zealand Rapid Championship"]
[Site "Wellington"]
[Date "2023.01.11"]
[Round "3.5"]
[White "Young, Cohen"]
[Black "Xie, Felix"]
[Result "0-1"]
[TimeControl "25+5"]
[BlackTitle "CM"]
[WhiteFideId "4317440"]
[BlackFideId "4308174"]
[WhiteElo "1777"]
[BlackElo "2232"]

1. e4 c6 2. d4 d5 3. e5 Bf5 4. h4 h5 5. c4 e6 6. Nc3 Ne7 7. Nge2 Nd7 8. Ng3 Bg6 9. cxd5 cxd5 10. Be2 Nf5 11. Nxh5 Bxh5 12.
Bxh5 g6 13. Bg5 Qb6 14. Bg4 Qxb2 15. Ne2 Bb4+ 16. Kf1 Rc8 17. Rb1 Qa3 18. Qb3 Qxb3 19. Rxb3 Rc4 20. Bxf5 gxf5 21. a3 Be7 22.
Bxe7 Kxe7 23. Rxb7 Ra4 24. Rb3 Rc8 25. g3 Rc2 26. h5 Nb6 27. h6 Rc8 28. Kg2 Rh8 29. Kf3 f6 30. Nf4 Kf7 31. exf6 Rxd4 32. Re3 Re4 33. Rc1 Rxh6 34.
Rc7+ Kxf6 35. Nxe6 Nc4 36. Nf4 Nxe3 37. fxe3 Ra4 38. Nxd5+ Kg5 39. Nc3 Rxa3 40. Nb5 Rb3 41. Nd4 Ra3 42. Nb5 Rd3 43. Rg7+ Kf6 44. Rxa7 Rh1 45. Nd4 Re1 46. Ra6+ Kf7 47. Ra7+ Ke8 48. Nxf5 Rf1+ 49. Ke4 Rb3 50. Ra8+ Kd7 51. Ra7+ Kd8 52. Ra8+ Kc7 53. Ra7+ Kb6 54. Ra8 Rb4+ 55. Nd4 Kc5 56. Rc8+ Kd6 57. Rc6+ Kd7 58. Rh6 Re1 59. Rh7+ Kd6 60. Rh6+ Ke7 61. Rh7+ Kf6 62. Rh4 Ra4 63. Rf4+ Kg5 64. Kd3 Ra3+ 65. Kc4 Rexe3 66. Rf8 Ra4+ 67. Kd5 Rd3 68. Rg8 Kf6 69. Rg4 Rd1 70. Re4 Kg5 71. Ke5 Ra5+ 72. Kd6 Ra3 73. g4 Ra8 74. Kc7 Ra7+ 75. Kb6 Rd7 76. Kc5 Rc1+ 77. Kb5 Rb7+ 78. Ka6 Rb2 79. Ne6+ Kf6 80. g5 Kf5 0-1

[Event "New Zealand Rapid Championship"]
[Site "Wellington"]
[Date "2023.01.11"]
[Round "3.6"]
[White "Carpinter, Anthony L"]
[Black "Park-Tamati, Philli"]
[Result "0-1"]
[TimeControl "25+5"]
[WhiteFideId "4300238"]
[BlackFideId "4309090"]
[WhiteElo "2147"]
[BlackElo "1861"]

1. Nf3 Nf6 2. c4 e6 3. Nc3 b6 4. g3 Bb7 5. Bg2 c5 6. O-O Be7 7. b3 O-O 8. Bb2 d5 9. cxd5 Nxd5 10. Nxd5 Qxd5 11. Rc1 Nc6 12. Ne5 Qd6 13. f4 Rac8 14.
d3 Rfd8 15. Qd2 Qb8 16. Nxc6 Bxc6 17. Bxc6 Rxc6 18. Qe3 Qb7 19. Rc2 a5 20. Qe4 Rc7 21. Qxb7 Rxb7 22. Rfc1 Ra7 23. a4 Rad7 24. Kf2 Bd6 25. Rc4 Re7 26. d4 Red7 27. e3 h5 28. Kf3 f6 29. R1c2 Kf7 30. Bc3 g5 31.
fxg5 fxg5 32. Ke4 Rb8 33. Rf2+ Ke7 34. Bb2 g4 35. Rcc2 Rc7 36. Rc1 Rf8 37. Rxf8 Kxf8 38. Ba3 Ke8 39. dxc5 bxc5 40. Bb2 Rb7 41. Rc3 Rb4+ 42. Kd3 Ke7 43. Kc2 Rb8 44. Ba3 Rf8 45.
Bxc5 Rf2+ 46. Kd3 Rxh2 47. Bxd6+ Kxd6 48. Rc8 Rb2 49. Kc4 Rc2+ 0-1

[Event "New Zealand Rapid Championship"]
[Site "Wellington"]
[Date "2023.01.11"]
[Round "3.7"]
[White "Cummings, Nick"]
[Black "Nyberg, Michael"]
[Result "1-0"]
[TimeControl "25+5"]
[WhiteFideId "4301218"]
[BlackFideId "4301064"]
[WhiteElo "2038"]
[BlackElo "1951"]

1. Nf3 Nf6 2. c4 c6 3. g3 d5 4.
Bg2 Nbd7 5. b3 e6 6. O-O Bd6 7. d3 h5 8. Bg5 Qa5 9. Nbd2 Nf8 10. e4 dxe4 11. Nxe4 Nxe4 12. dxe4 Be7 13.
Bxe7 Kxe7 14. e5 Qc7 15. Qd2 Ng6 16. Qg5+ Ke8 17. Rad1 Qe7 18. Qe3 Bd7 19. Rd2 c5 20. Rfd1 Bc6 21.
Rd6 Bxf3 22. Bxf3 Rc8 23. Bg2 Qc7 24. f4 Ne7 25. Qd3 Nf5 26. Rd7 Qa5 27. Bxb7 Rb8 28. Bc6 1-0

[Event "New Zealand Rapid Championship"]
[Site "Wellington"]
[Date "2023.01.11"]
[Round "3.8"]
[White "Perrin, Brent"]
[Black "Langford, Joshua"]
[Result "0-1"]
[TimeControl "25+5"]
[WhiteFideId "451380"]
[BlackFideId "4314557"]
[WhiteElo "1856"]
[BlackElo "1843"]

1. e4 c6 2. d4 d5 3. exd5 cxd5 4. Bd3 Nc6 5.
c3 Qc7 6. h3 g6 7. Nf3 Bf5 8. O-O e6 9. Re1 Nf6 10. Bg5 Bg7 11. Bxf5 gxf5 12. Nbd2 Ne4 13. Nxe4 fxe4 14. Nh2 f5 15.
Nf1 Kd7 16. Rc1 Rhg8 17. b4 Bf8 18. Qh5 Bd6 19. Qf7+ Ne7 20. Bxe7 Bxe7 21. c4 Raf8 22. Qh5 dxc4 23. b5 Rg5 24.
Qxh7 Rfg8 25. Ne3 R5g7 26. Qh5 Qf4 27. g3 Bh4 28. Ng2 Rxg3 29. fxg3 Qxg3 30. Re2 f4 31. Kf1 f3 32. Qh7+ Rg7 33.
Qxe4 fxe2+ 34. Qxe2 Rf7+ 35. Kg1 Rf2 36. Qe4 Rxg2+ 37. Qxg2 Qe3+ 38. Kh2 Qf4+ 39. Kh1 Qxc1+ 40. Kh2 Qf4+ 41. Kh1 Qxd4 42. Qxb7+ Kd6 43. Qc6+ Ke5 44. Qc7+ Ke4 45. Qh7+ Ke3 46. Qh6+ Kd3 47. Qh7+ Qe4+ 48. Qxe4+ Kxe4 49. Kg2 c3 0-1

[Event "New Zealand Rapid Championship"]
[Site "Wellington"]
[Date "2023.01.11"]
[Round "3.9"]
[White "Winsley, Nicholas"]
[Black "Archer, Ollie"]
[Result "1-0"]
[TimeControl "25+5"]
[WhiteFideId "4315146"]
[BlackFideId "4317262"]
[WhiteElo "1854"]
[BlackElo "1806"]

1. e4 c6 2. d4 d5 3. Nc3 dxe4 4. Nxe4 Nd7 5. Nf3 Ngf6 6. Nxf6+ Nxf6 7. Bc4 Bf5 8. O-O e6 9. Bf4 Be7 10. Qe2 O-O 11. Rad1 h6 12.
Ne5 Nd5 13. Bg3 a5 14. a4 Bd6 15. c3 Qc7 16. Bd3 Bxd3 17. Qxd3 Rad8 18. Nc4 Bxg3 19. fxg3 c5 20. Na3 cxd4 21.
Nb5 Qb6 22. Qxd4 Qxd4+ 23. Rxd4 Ne3 24. Rf2 e5 25. Rdd2 Nc4 26. Rde2 Rd3 27. b3 Ne3 28. Re1 Rfd8 29. Rf3 Ng4 30. h3 Rd1 31. Rff1 Rxe1 32. Rxe1 Nf6 33.
Rxe5 Rd1+ 34. Kh2 Rb1 35. Nd4 Rc1 36. Rxa5 Rxc3 37. Rb5 Rd3 38. Nf3 Rd7 39. b4 Ne4 40. a5 Nc3 41. Rc5 Nd1 42.
b5 Ne3 43. b6 Nd5 44. Ne5 Rd8 45. g4 f6 46. Nf3 Rd7 47. Nd4 g6 48. Ne6 Kf7 49. Nc7 Nb4 50. a6 bxa6 51. b7 Rd8 52.
Ne6 Rb8 53. Nd8+ Kg7 54. Rc8 Nc6 55. Rc7+ Ne7 56. Nc6 1-0

[Event "New Zealand Rapid Championship"]
[Site "Wellington"]
[Date "2023.01.11"]
[Round "3.11"]
[White "Dive, Russell J"]
[Black "Zhu, David Junyang"]
[Result "1-0"]
[TimeControl "25+5"]
[WhiteTitle "IM"]
[WhiteFideId "4300106"]
[BlackFideId "4311132"]
[WhiteElo "2367"]
[BlackElo "1470"]

1. Nf3 Nf6 2. c4 g6 3. g3 Bg7 4.
Bg2 d6 5. O-O O-O 6. Nc3 Nc6 7.
Rb1 a5 8. a3 e5 9. d3 Nh5 10. b4 axb4 11. axb4 f5 12. Qb3 Kh8 13. c5 Nd4 14. Nxd4 exd4 15. Nb5 dxc5 16. bxc5 f4 17.
Bb2 fxg3 18. hxg3 c6 19. Nd6 Qe7 20. Bf3 Ra5 21. Qb4 Ra7 22. Bxd4 Bxd4 23. Qxd4+ Qg7 24. Qxg7+ Nxg7 25. Rb4 Nf5 26. Nxc8 Rxc8 27. Rfb1 Rc7 28.
Re4 Re7 29. Rxe7 Nxe7 30. d4 Nd5 31.
Bxd5 cxd5 32. Rb6 Ra4 33. e3 Kg8 34.
Rxb7 1-0

[Event "New Zealand Rapid Championship"]
[Site "Wellington"]
[Date "2023.01.11"]
[Round "3.12"]
[White "Winter, Ryan"]
[Black "Ha, Timothy Huy Minh"]
[Result "0-1"]
[TimeControl "25+5"]
[WhiteFideId "4306295"]
[BlackFideId "12417246"]
[WhiteElo "2117"]
[BlackElo "1549"]

1. e4 c6 2. d4 d5 3. e5 c5 4. dxc5 e6 5. a3 Bxc5 6. b4 Bb6 7. Bb2 Ne7 8. Nf3 a5 9. b5 Nd7 10. a4 O-O 11. Bd3 f5 12.
O-O Nc5 13. Be2 Bd7 14. c4 Rc8 15. Nbd2 Ne4 16. Rc1 Qe8 17. cxd5 Rxc1 18. Qxc1 Nxd5 19. Bc4 Nf4 20. Nb3 Nxg2 21.
Kxg2 Qg6+ 22. Kh1 Nxf2+ 23. Rxf2 Bxf2 24. Qd2 Qg4 25. Qe2 Bb6 26. Nbd2 Rd8 27. Qg2 Bc8 28. Bc3 Be3 29. Bxa5 b6 30. Bc3 Bb7 31. Bxe6+ Kh8 32. Qxg4 fxg4 33. Bxg4 Bxd2 34. Bb2 Bb4 35. Kg2 Rd2+ 36.
Kg3 Rxb2 0-1

[Event "New Zealand Rapid Championship"]
[Site "Wellington"]
[Date "2023.01.11"]
[Round "3.13"]
[White "Parfene, Horatiu"]
[Black "Coates, Alex"]
[Result "1-0"]
[TimeControl "25+5"]
[WhiteFideId "1208438"]
[BlackFideId "4311540"]
[WhiteElo "2085"]
[BlackElo "1496"]

1. e4 e6 2. Nc3 d5 3. d3 Bb4 4.
Bd2 Ne7 5. g3 dxe4 6. Nxe4 Bxd2+ 7. Qxd2 Ng6 8. Bg2 Nc6 9. Ne2 Qe7 10. Qc3 Qb4 11. Nf6+ Kf8 12. Bxc6 Qxc3+ 13. Nxc3 bxc6 14.
Nfe4 Ne7 15. Nc5 Nd5 16. d4 Rb8 17. O-O-O Ke7 18. N3e4 Rd8 19. c3 Rb6 20. Rhe1 Bd7 21. f4 Kf8 22.
a3 Be8 23. Ng5 Kg8 24. Nf3 Rbb8 25. Re2 Ne7 26. Ne5 Kf8 27. Rde1 Ng6 28. Nc4 Ne7 29. b4 Nd5 30. Kc2 Ne7 31.
g4 g6 32. h4 Bd7 33. Ne5 Be8 34. h5 Kg7 35. Rh2 h6 36. hxg6 Nxg6 37. Nxg6 Kxg6 38. Reh1 Kf6 39. Rxh6+ Ke7 40.
Rh7 Bd7 41. g5 Rg8 42. R1h6 Bc8 43. g6 a5 44. Rxf7+ Kd6 45. g7 1-0

[Event "New Zealand Rapid Championship"]
[Site "Wellington"]
[Date "2023.01.11"]
[Round "3.14"]
[White "Van der Hoorn, Thomas"]
[Black "Ker, Anthony F"]
[Result "0-1"]
[TimeControl "25+5"]
[BlackTitle "IM"]
[WhiteFideId "4314565"]
[BlackFideId "4300084"]
[WhiteElo "1888"]
[BlackElo "2359"]

1. e4 c5 2. Nf3 g6 3. d4 cxd4 4. Nxd4 Nf6 5. Nc3 Nc6 6. Nxc6 bxc6 7. e5 Ng8 8. Bc4 Bg7 9. Qf3 f5 10.
Bf4 Qa5 11. O-O-O Bxe5 12. Rhe1 Bf6 13. Nd5 cxd5 14. Bxd5 Qb6 15. c3 Rb8 16. Bxb8 Qxb8 17. g4 fxg4 18. Qxg4 e6 19. h4 Ne7 20.
Be4 O-O 21. h5 g5 22. Kb1 Kh8 23. Ka1 Qf4 24. Qe2 Bg7 25. Bb1 Qxf2 26. Qd3 Nf5 27. Rg1 h6 28. Rdf1 Qb6 29. Qd2 Ba6 30.
Re1 Rb8 31. Rg2 Bc4 32. Qxd7 Bd5 33. Rd2 Rf8 34. Rf1 Bc4 35. Re1 Qa5 36. Rc2 Qd5 37. Qxa7 Ra8 38. Qb6 Bxa2 39. b3 Bxb3+ 40. Kb2 0-1

[Event "New Zealand Rapid Championship"]
[Site "Wellington"]
[ePGN "0.1;DGT LiveChess/2.2.5"]
[Date "2023.01.11"]
[Round "4.1"]
[White "Tang, Hao"]
[Black "Croad, Nicolas"]
[Result "0-1"]
[TimeControl "25+5"]
[BlackTitle "FM"]
[WhiteFideId "4311280"]
[BlackFideId "4300793"]
[WhiteElo "1846"]
[BlackElo "2309"]

1. d4 Nf6 2. Nf3 d5 3. c4 e6 4. Nc3 Bb4 5. cxd5 exd5 6. Qa4+ Nc6 7. Bg5 h6 8.
Bxf6 Qxf6 9. e3 O-O 10. Be2 a6 11. O-O Be6 12. Rfc1 Bd6 13. a3 Rad8 14. b4 Na7 15. Qb3 c6 16.
a4 Nc8 17. b5 axb5 18. axb5 Ne7 19. Na4 g5 20. Nc5 Bc8 21. Ra7 g4 22. Ne1 Bxh2+ 23. Kxh2 Qxf2 24. Ra2 Nf5 25. e4 Qh4+ 26.
Kg1 dxe4 27. Nxe4 g3 28. Nxg3 Qxd4+ 29. Kf1 Qf4+ 30. Qf3 Nxg3+ 31. Kg1 Nxe2+ 32. Rxe2 Qxc1 33. Re5 Rde8 34. Qg3+ Kh8 35. Qh4 Rxe5 36. Qf6+ Kg8 37. Qxe5 Qg5 0-1

[Event "New Zealand Rapid Championship"]
[Site "Wellington"]
[Date "2023.01.11"]
[Round "4.2"]
[White "Xie, Felix"]
[Black "Sole, Michael D"]
[Result "1-0"]
[TimeControl "25+5"]
[WhiteTitle "CM"]
[WhiteFideId "4308174"]
[BlackFideId "4309030"]
[WhiteElo "2232"]
[BlackElo "2093"]

1. d4 Nf6 2. c4 e6 3. g3 d5 4.
Nf3 dxc4 5. Bg2 Bb4+ 6.
Bd2 a5 7. Qc2 c5 8. dxc5 Bxc5 9. O-O Nbd7 10. Qxc4 b6 11. Nc3 Ba6 12. Qh4 Rc8 13. Bg5 O-O 14. Rfd1 Qc7 15. Rac1 Qa7 16.
e3 Rfd8 17. Bf4 Nf8 18. Ne5 Ng6 19. Nxg6 hxg6 20. Bg5 Be7 21. e4 e5 22. Bh3 Rxd1+ 23. Rxd1 Rd8 24. Nd5 Nxd5 25. Bxe7 Re8 26. Rxd5 Qxe7 27. Qxe7 Rxe7 28.
Bf1 Bb7 29. Rd8+ Kh7 30. Bd3 Bc6 31.
Rc8 Bb7 32. Rd8 Bc6 33. Rb8 Bb7 34.
Kf1 Rd7 35. Ke2 g5 36. Re8 f6 37. Re6 Rd4 38. Ke3 Rb4 39. b3 Bc8 40. Rc6 Bd7 41. Rd6 Be8 42. Bc4 b5 43. a3 bxc4 44. axb4 cxb3 45. bxa5 Bb5 46. Rb6 Bc4 47. a6 b2 48. a7 1-0

[Event "New Zealand Rapid Championship"]
[Site "Wellington"]
[Date "2023.01.11"]
[Round "4.3"]
[White "Park-Tamati, Philli"]
[Black "Cummings, Nick"]
[Result "1-0"]
[TimeControl "25+5"]
[WhiteFideId "4309090"]
[BlackFideId "4301218"]
[WhiteElo "1861"]
[BlackElo "2038"]

1. d4 d5 2. Bf4 Nf6 3.
e3 e6 4. Nd2 Bd6 5. Bg3 c5 6. c3 Nc6 7. Ngf3 O-O 8. Bd3 b6 9. e4 dxe4 10. Nxe4 Nxe4 11.
Bxe4 Bb7 12. dxc5 Bxc5 13. Qa4 Qe8 14. Bxh7+ Kxh7 15. Qh4+ 1-0

[Event "New Zealand Rapid Championship"]
[Site "Wellington"]
[Date "2023.01.11"]
[Round "4.4"]
[White "Langford, Joshua"]
[Black "Winsley, Nicholas"]
[Result "0-1"]
[TimeControl "25+5"]
[WhiteFideId "4314557"]
[BlackFideId "4315146"]
[WhiteElo "1843"]
[BlackElo "1854"]

1. e4 c6 2. d4 d5 3. e5 Bf5 4.
h4 h5 5. Bd3 Bxd3 6. Qxd3 e6 7.
Bg5 Be7 8. Nf3 Nd7 9. Nbd2 Bxg5 10. hxg5 Ne7 11. O-O-O Qa5 12. Kb1 O-O-O 13. Rh2 g6 14. Rdh1 Rhf8 15. Ne1 Qb6 16. c3 Kb8 17.
Nc2 c5 18. Ne3 Rc8 19. g4 hxg4 20. Nxg4 Nf5 21. Nf3 cxd4 22. cxd4 Rc4 23. Rd1 Rfc8 24. Ne3 Nxe3 25. fxe3 Qb5 26. Qd2 Nb6 27. Ne1 R4c6 28. Nd3 Nc4 29. Qb4 Qxb4 30. Nxb4 Rb6 31. Nd3 Na3+ 32. Ka1 Nc2+ 33.
Kb1 Nxe3 34. Re1 Nf5 35.
Nc5 Rb4 36. Rc1 Rc4 37. Rxc4 dxc4 38. Rh7 Nxd4 39. Nd7+ Kc7 40. Rxf7 Kc6 41. Nf8 Kd5 42. Nxg6 Nc6 43. Rxb7 Rg8 44. Rd7+ Ke4 45. Ne7 Rg7 46.
Nxc6 Rxd7 47. Kc2 Rc7 48. Nb4 Kxe5 49. Kc3 Kf5 50. Na6 Rc8 51. Kb4 Kxg5 52. Nc5 a5+ 53. Kxc4 Kf5 54. Kb5 e5 55. Nb3 a4 56. Nc5 Rb8+ 57. Kxa4 0-1

[Event "New Zealand Rapid Championship"]
[Site "Wellington"]
[Date "2023.01.11"]
[Round "4.5"]
[White "Shoker, Samy"]
[Black "Dive, Russell J"]
[Result "1-0"]
[TimeControl "25+5"]
[WhiteTitle "GM"]
[BlackTitle "IM"]
[WhiteFideId "627143"]
[BlackFideId "4300106"]
[WhiteElo "2440"]
[BlackElo "2367"]

1. Nf3 d5 2. g3 c6 3. Bg2 Nf6 4. O-O e6 5. d3 Be7 6.
Nbd2 O-O 7. e4 dxe4 8.
dxe4 a5 9. e5 Nd5 10. Qe2 b6 11.
Rd1 Ba6 12. c4 Nb4 13. Ne1 b5 14. Ne4 Qc7 15. a3 bxc4 16. axb4 axb4 17. Bf4 Nd7 18. Nf6+ Bxf6 19. exf6 e5 20.
fxg7 Rfe8 21. Be3 Nf6 22. Bg5 Nd5 23. Qh5 e4 24. Nc2 c3 25. bxc3 Nxc3 26. Bf4 Qe7 27. Re1 b3 28. Nd4 b2 29.
Nf5 Qf6 30. Nh6+ Kxg7 31. Ra5 Be2 32. Nf5+ Kh8 33. Bg5 Qg6 34. Qxg6 hxg6 35. Bf6+ Kh7 36. Rxa8 Rxa8 37. Bxc3 gxf5 38. Bxb2 Bc4 39. Rc1 Bd5 40. Bd4 Ra4 41. Be3 Kg6 42. h4 Ra2 43. Bf1 Ra8 44.
Bc4 Ra4 45. Be2 Ra2 46. Kf1 f6 47.
Ke1 1-0

[Event "New Zealand Rapid Championship"]
[Site "Wellington"]
[Date "2023.01.11"]
[Round "4.6"]
[White "Van Riemsdijk, Herman C."]
[Black "Suggate, Romero"]
[Result "1-0"]
[TimeControl "25+5"]
[WhiteTitle "IM"]
[WhiteFideId "2100053"]
[BlackFideId "4313534"]
[WhiteElo "2370"]
[BlackElo "1806"]

1. e4 c5 2. Nf3 Nf6 3. Nc3 d5 4.
exd5 Nxd5 5. Bc4 Nb6 6. Bb5+ Bd7 7. Bxd7+ Qxd7 8. O-O Nc6 9. d3 e6 10. Bf4 Be7 11. Nb5 O-O 12. Re1 a6 13.
Nc3 Nd5 14. Nxd5 Qxd5 15. Qe2 Bf6 16. c3 Rfd8 17. Qe3 Rd7 18. Red1 Rad8 19. g4 b5 20. a4 Be7 21. axb5 axb5 22. Ra6 f6 23. Rd2 e5 24. Bg3 Ra7 25. c4 bxc4 26.
dxc4 Qxd2 27. Nxd2 Rxa6 28. Ne4 Nd4 29. Nc3 Rb8 30. Qe4 Rd6 31. Kg2 Rxb2 32. g5 Rc2 33. Nd5 Re6 34. gxf6 gxf6 35.
Ne3 Ra2 36. h4 Bf8 37. h5 Ra7 38. Qd5 Raa6 39. Bh4 Kf7 40. Qe4 Kg7 41. Ng4 f5 42. Qb7+ Kg8 43. Nxe5 1-0

[Event "New Zealand Rapid Championship"]
[Site "Wellington"]
[Date "2023.01.11"]
[Round "4.7"]
[White "Ha, Timothy Huy Minh"]
[Black "Parfene, Horatiu"]
[Result "0-1"]
[TimeControl "25+5"]
[WhiteFideId "12417246"]
[BlackFideId "1208438"]
[WhiteElo "1549"]
[BlackElo "2085"]

1. d4 Nf6 2. Nf3 g6 3. g3 Bg7 4.
Bg2 d6 5. O-O Nbd7 6. c4 O-O 7. Nc3 c6 8. e4 e5 9. Be3 Qa5 10. a3 Ng4 11. b4 Nxe3 12. fxe3 Qc7 13. Rc1 a6 14.
Bh3 Nf6 15. Bg2 Ng4 16. Qd3 Bh6 17.
Rce1 Qe7 18. d5 f5 19. exf5 gxf5 20. Nh4 Qg5 21. Nf3 Qg7 22. Nh4 e4 23. Qd2 Bg5 24. h3 Ne5 25. dxc6 Bxh4 26.
Qd5+ Kh8 27. Nxe4 fxe4 28. Rxf8+ Qxf8 29. Rf1 Qg7 30. Qxe4 Qxg3 31. cxb7 Bxb7 32. Qxb7 Rg8 33. Kh1 Nd3 34. Qf3 Nf2+ 35. Kg1 Qxf3 0-1

[Event "New Zealand Rapid Championship"]
[Site "Wellington"]
[Date "2023.01.11"]
[Round "4.8"]
[White "Hague, Ben"]
[Black "Burns, Christopher J"]
[Result "1-0"]
[TimeControl "25+5"]
[WhiteTitle "FM"]
[WhiteFideId "405647"]
[BlackFideId "4300920"]
[WhiteElo "2410"]
[BlackElo "2031"]

1. d4 d5 2. c4 dxc4 3. Nf3 Nf6 4. Nc3 a6 5. e4 b5 6.
e5 Nd5 7. Be2 h6 8. O-O Bf5 9.
Nh4 Bh7 10. e6 fxe6 11. Bh5+ Kd7 12.
Re1 g5 13. Qg4 c6 14. Qxe6+ Kc7 15. Qe5+ Kb6 16. Nxd5+ cxd5 17. Qxh8 Be4 18. Ng6 Nc6 19. Nxf8 Qxf8 20. Qxf8 Rxf8 21.
Be3 Nb4 22. Re2 Bd3 23. Rd2 a5 24. a3 Nc6 25. Bf3 e5 26. dxe5+ d4 27. Bxc6 dxe3 28. Rxd3 cxd3 29. Be4 exf2+ 30. Kf1 g4 31. Bxd3 h5 32. g3 Rf3 33. Rd1 Kc5 34. Rd2 b4 35. axb4+ Kxb4 36. Bg6 h4 37. e6 hxg3 38. hxg3 1-0

[Event "New Zealand Rapid Championship"]
[Site "Wellington"]
[Date "2023.01.11"]
[Round "4.9"]
[White "Ker, Anthony F"]
[Black "Gold, Hamish R"]
[Result "1-0"]
[TimeControl "25+5"]
[WhiteTitle "IM"]
[WhiteFideId "4300084"]
[BlackFideId "4301579"]
[WhiteElo "2359"]
[BlackElo "1537"]

1. e4 e6 2. d4 d5 3. Nc3 c6 4. Nf3 Bb4 5. e5 Ne7 6. Bd2 Bxc3 7. Bxc3 b6 8. Bb4 a5 9. Bd6 Nf5 10.
Ba3 b5 11. c3 Ba6 12. Bd3 g6 13. h4 Nd7 14. g4 Ng7 15. h5 gxh5 16. gxh5 Qb6 17. Bd6 O-O-O 18. Ng5 f5 19. Nf7 c5 20. Rg1 Ne8 21. Be7 cxd4 22.
Bxd8 Qc6 23. cxd4 Qb7 24. Rc1+ Kb8 25. Nxh8 Qa7 26. Be2 1-0

[Event "New Zealand Rapid Championship"]
[Site "Wellington"]
[Date "2023.01.11"]
[Round "4.10"]
[White "Malcolm, Leo"]
[Black "Carpinter, Anthony L"]
[Result "0-1"]
[TimeControl "25+5"]
[WhiteFideId "4317408"]
[BlackFideId "4300238"]
[WhiteElo "1801"]
[BlackElo "2147"]

1. e4 e6 2. c4 d5 3. cxd5 exd5 4. Qb3 Nf6 5. e5 Ne4 6.
d4 Nc6 7. Nf3 Bb4+ 8. Nc3 O-O 9. Be3 Nxc3 10. bxc3 Be7 11. Bd3 f5 12. g3 Na5 13. Qc2 Nc4 14. Bxc4 dxc4 15. Qe2 Qd5 16.
Rg1 b5 17. g4 f4 18. Bd2 a5 19. a3 Bb7 20. Nh4 Bxh4 21. g5 Qf3 22. Rg4 Bxf2+ 0-1

[Event "New Zealand Rapid Championship"]
[Site "Wellington"]
[Date "2023.01.11"]
[Round "4.11"]
[White "Nyberg, Michael"]
[Black "McDonald, Duncan"]
[Result "1-0"]
[TimeControl "25+5"]
[WhiteFideId "4301064"]
[BlackFideId "4314433"]
[WhiteElo "1951"]
[BlackElo "1372"]

1. d4 d5 2. c4 e6 3. Nf3 Nf6 4. g3 Be7 5. Bg2 O-O 6. cxd5 exd5 7. O-O c6 8. Qc2 Bg4 9. Bf4 Bd6 10.
Ne5 Bh5 11. Nc3 Re8 12. Rfe1 Nbd7 13. Nxf7 Bxf7 14. Bxd6 Nb6 15. Bf4 Bg6 16. Qc1 Ne4 17. Be5 Nc4 18. Nxe4 Nxe5 19. Nc5 Nc4 20. b3 Nd6 21. Bh3 Qf6 22. Qf4 Qxf4 23. gxf4 Re7 24. e3 a5 25. Nd7 Be4 26.
Ne5 Bf5 27. Bg2 Nf7 28. Rac1 Nxe5 29. fxe5 Ree8 30. f3 Rad8 31. Rc5 Ra8 32. e4 Be6 33.
f4 dxe4 34. Bxe4 g6 35. d5 Bxd5 36. Bxd5+ cxd5 37. Rxd5 Re7 38.
Re4 Kf7 39. Kf2 b6 40. Ke3 Rc8 41. Rc4 Rxc4 42. bxc4 Rc7 43. Kd4 Rc6 44. Rd7+ Ke6 45. Rxh7 Kf5 46. Rf7+ Kg4 47. Rf6 Rc7 48. e6 1-0

[Event "New Zealand Rapid Championship"]
[Site "Wellington"]
[Date "2023.01.11"]
[Round "4.12"]
[White "Loke, Kayden"]
[Black "Nazeer, Afique"]
[Result "1-0"]
[TimeControl "25+5"]
[WhiteFideId "4313186"]
[BlackFideId "9970703"]
[WhiteElo "1907"]
[BlackElo "1669"]

1. e4 e5 2. Nf3 Nf6 3. Nc3 d6 4.
Bc4 h6 5. d4 exd4 6. Nxd4 Bd7 7. O-O Be7 8. f4 c5 9. Ndb5 Bxb5 10. Bxb5+ Nc6 11. Be3 O-O 12. Bxc6 bxc6 13. e5 dxe5 14.
fxe5 Nd5 15. Nxd5 cxd5 16. Qg4 Qc8 17. Qg3 Qe6 18. Rf3 d4 19. Bd2 Qg6 20. Qxg6 fxg6 21. Raf1 Rxf3 22. Rxf3 Rf8 23. Rxf8+ Kxf8 24. Kf2 Kf7 25. Kf3 Ke6 26. Ke4 g5 27. Ba5 g6 28. g4 h5 29. h3 a6 30. Bc7 Kd7 31. Bb8 Kc6 32. e6 Bf6 33. Be5 Be7 34. Bg7 Kd6 35. gxh5 gxh5 36.
Kf5 g4 37. hxg4 h4 38. Be5+ Kd5 39.
Bh2 h3 40. g5 Bd6 41. Bg1 h2 42. Bxh2 Bxh2 43. e7 c4 44.
e8=Q Bd6 45. g6 d3 46. cxd3 cxd3 47. g7 d2 48. Qe4+ Kc5 49. Qc2+ Kd5 50. Qxd2+ 1-0